 Dungeon Crawl Stone Soup version 0.24.0-1-gfbc8707 (webtiles) character file.

Game seed: 16490720007988750781, levelgen mode: deterministic

166 sanboga the Chopper (level 5, -2/33 HPs)
             Began as a Gargoyle Berserker on Nov 1, 2019.
             Was a Priest of Trog.
             Slain by a worm (4 damage)
             ... on level 3 of the Dungeon.
             The game lasted 00:03:13 (2102 turns).

sanboga the Chopper (Gargoyle Berserker)            Turns: 2102, Time: 00:03:13

Health: -2/33      AC:  7    Str: 22    XL:     5   Next: 47%
Magic:  5/5        EV: 12    Int:  7    God:    Trog [***...]
Gold:   149        SH:  0    Dex:  9    Spells: 4/4 levels left

rFire    . . .     SeeInvis .   a - +1 hand axe
rCold    . . .     Gourm    .   (no shield)
rNeg     + . .     Faith    .   b - +1 animal skin
rPois    ∞         Spirit   .   (no helmet)
rElec    +         Reflect  .   (no cloak)
rCorr    .         Harm     .   (no gloves)
MR       .....                  (no boots)
Stlth    +.........             (no amulet)
HPRegen  0.11/turn              (no ring)
MPRegen  0.09/turn              (no ring)

@: no status effects
A: negative energy resistance 1, electricity resistance, unbreathing,
petrification resistance, rot immunity, AC +4
a: Berserk, Trog's Hand, Renounce Religion


You were on level 3 of the Dungeon.
You worshipped Trog.
Trog was most pleased with you.
You were hungry.

You visited 1 branch of the dungeon, and saw 3 of its levels.

You collected 149 gold pieces.

Inventory:

Hand Weapons
 a - a +1 hand axe (weapon)
Armour
 b - a +1 animal skin (worn)
Scrolls
 e - a scroll of teleportation
 l - a scroll of enchant armour
Potions
 g - a potion of curing
 i - a potion of brilliance {unknown}
 m - 2 potions of flight {unknown}
Comestibles
 c - 3 rations
 d - 7 chunks of flesh


   Skills:
 + Level 4.3 Fighting
 * Level 4.3 Axes
 + Level 3.5 Armour
 - Level 1.5 Dodging


You had 4 spell levels left.
You didn't know any spells.
Your spell library was empty.

Dungeon Overview and Level Annotations

Branches:
Dungeon (3/15)

Altars:
Dithmenos


Innate Abilities, Weirdness & Mutations

You are resistant to torment.
Your stone body is resilient. (AC +4)
You are immune to poison.
You resist negative energy. (rN+)
You are resistant to electric shocks. (rElec)
You can survive without breathing.
You are immune to petrification.
You are immune to rotting.


Message History

You hit the worm but do no damage.
The worm is lightly wounded.
You are feeling hungry.
You hit the worm.
The worm is moderately wounded.
The worm barely misses you.
You hit the worm but do no damage.
The worm is moderately wounded.
The worm bites you!
* * * LOW HITPOINT WARNING * * *
You hit the worm but do no damage.
The worm is lightly wounded.
You barely miss the worm.
The worm is lightly wounded.
The worm bites you.
* * * LOW HITPOINT WARNING * * *
You hit the worm.
The worm is moderately wounded.
The worm bites you.
You die...

.....#..........# #..
...#....^.......# #...#
............÷...##..#.##
..!.<...............$...
............)†.........#
....##.................
.#####.#..............#
.# #.#..........##.. ##
###..####@.# #..# #.w..#
#.# ##...# #.. #..# ..
..# #.. ###


You could see a worm.

Vanquished Creatures
  7 adders
  3 worms
  4 dart slugs
  5 leopard geckos
  15 bats
  4 giant cockroaches
  6 goblins
  12 hobgoblins
  7 jackals
  4 frilled lizards
  8 kobolds
  5 rats
  A plant (D:1)
81 creatures vanquished.

Notes
Turn   | Place    | Note
-------+----------+-------------------------------------------
     0 | D:1      | sanboga the Gargoyle Berserker began the quest for the Orb.
     0 | D:1      | Reached XP level 1. HP: 14/14 MP: 1/1
    66 | D:1      | Reached XP level 2. HP: 17/19 MP: 2/2
   405 | D:1      | Reached XP level 3. HP: 21/23 MP: 3/3
   415 | D:1      | Reached ** piety under Trog
  1016 | D:2      | Reached XP level 4. HP: 24/29 MP: 4/4
  1821 | D:2      | Reached XP level 5. HP: 33/33 MP: 5/5
  1852 | D:2      | Found a shadowy altar of Dithmenos.
  2059 | D:3      | Reached *** piety under Trog
  2102 | D:3      | Slain by a worm

Levels and vault maps discovered:
D:1:      dpeg_arrival_refuge, layout_loops_ring, serial_forest,
          infiniplex_forest_lined_1, infiniplex_forest_join,
          infiniplex_forest_clump_large, infiniplex_forest_fountain,
          infiniplex_forest_lined_room_, infiniplex_forest_fountain
D:2:      layout_loops_corners, lemuel_round_altar, minmay_quadrilaterals
D:3:      layout_rooms

Skill      XL: |  1  2  3  4 |
---------------+-------------+-----
Axes           | 3 4 |  4.3
Armour         | 3 |  3.5
Fighting       | 4 |  4.3
Dodging        | |  1.5

Action                   |  1- 3 |  4- 6 || total
-------------------------+-------+-------++-------
Melee: Hand axe          |   177 |   157 ||   334
  Use: Scroll            |     5 |     4 ||     9
       Potion            |     4 |       ||     4
 Stab: Sleeping          |     2 |     1 ||     3
  Eat: Chunk             |     1 |     3 ||     4
Armor: Animal skin       |    48 |    64 ||   112
Dodge: Dodged            |    92 |   109 ||   201
